 Dungeon Crawl Stone Soup version 0.31.0-9-g3a7656b989 (webtiles) character file.

Game seed: 11296931363704702388

9 Colgate the Poker (level 2, 10/24 HPs)
             Began as a Demonspawn Cinder Acolyte on Jan 30, 2024.
             Was a High Priest of Ignis.
             Quit the game on level 1 of the Dungeon.
             The game lasted 00:00:25 (33 turns).

Colgate the Poker (Demonspawn Cinder Acolyte)         Turns: 33, Time: 00:00:26

Health: 10/24      AC:  9    Str: 14    XL:     2   Next: 3%
Magic:  3/3        EV: 11    Int: 14    God:    Ignis [*****.]
Gold:   0          SH:  0    Dex:  8    Spells: 3/3 levels left

rFire   + . .        a - -1 spear (flame)
rCold   . . .        (no shield)
rNeg    . . .        b - +0 robe
rPois   .            (no helmet)
rElec   .            (no cloak)
rCorr   .            (no gloves)
SInv    .            (no boots)
Will    .....        (no amulet)
Stlth   +            (no ring)
HPRegen 0.24/turn    (no ring)
MPRegen 0.08/turn

%: no passive effects
@: fiery-armoured
A: ignite blood 1
a: Renounce Religion, Fiery Armour, Foxfire Swarm, Rising Flame


You were on level 1 of the Dungeon.
You worshipped Ignis.
Ignis was extremely pleased with you.
You visited 1 branch of the dungeon, and saw 1 of its levels.

Inventory:

Hand Weapons
 a - a -1 spear of flaming (weapon)
Armour
 b - a +0 robe (worn)


   Skills:
 - Level 3.0 Fighting
 + Level 3.2 Polearms
 - Level 1.0 Spellcasting
 - Level 2.6 Fire Magic


You had 3 spell levels left.
You didn't know any spells.
Your spell library contained the following spells:

 Spells                   Type           Power      Damage    Failure   Level
 Scorch                   Fire           16%        2d5       13%         2


Dungeon Overview and Level Annotations

Branches:
Dungeon (1/15)

Altars:


Innate Abilities, Weirdness & Mutations

Your demonic aura sometimes causes spilled blood to erupt in flames.


Message History

You hit the bat. You burn the bat.
You kill the bat!
You closely miss the goblin. The goblin barely misses you.
You hit the goblin. You burn the goblin.
You kill the goblin!
Your Polearms skill increases to level 3!
You barely miss the endoplasm. The endoplasm freezes you.
You are frozen.
You hit the endoplasm. You burn the endoplasm.
You kill the endoplasm!
The ball python bites you but does no damage.
The ball python is burned by your cloak of flames.
You kill the ball python!
The kobold hits you but does no damage.
The kobold is burned by your cloak of flames.
You kill the kobold!
You see here a +0 dagger.
Reach: a) -1 spear (flame)
Press: ? - help, Dir - move target, f - quokka
Aim: a quokka (about 54% to evade your -1 spear of flaming)
You reach to attack!
You hit the quokka but do no damage.
Reach: a) -1 spear (flame)
Press: ? - help, Dir - move target, f/p - quokka
Aim: a quokka (about 54% to evade your -1 spear of flaming)
You barely miss the quokka.
The quokka bites you but does no damage.
The quokka is burned by your cloak of flames.
You hit the quokka but do no damage.
The quokka bites you but does no damage.
The quokka is burned by your cloak of flames.
The quokka bites you but does no damage.
The quokka is burned by your cloak of flames.
You kill the quokka!
You have reached level 2!
Your demonic ancestry asserts itself...
Your blood heats up.
You aren't carrying any potions.
Unknown command.
Are you sure you want to abandon this character and quit the game? (Confirm with "yes".)

...# ....###. .......
. ....... #.
♣♣♣♣♣♣♣♣♣~.....r
#~~♣≈♣≈♣≈♣≈≈~~.# .
♣~~~~~~~~w♣♣.# S.
♣♣~~~~~~~~~♣♣.# ...
♣≈~~~~<~~~~≈♣@# ...
♣≈~~~~~~~~K♣♣)# ..
♣≈~~~~~~~~~≈♣w#.#.#.#
.~~♣♣♣♣♣♣♣≈♣~~........
.. ♣♣♣~.#..##### .
...........
##....####### #.....#
#.....#


You could see a dart slug.

Vanquished Creatures
  2 bats (D:1)
  An endoplasm (D:1)
  A goblin (D:1)
  A quokka (D:1)
  A ball python (D:1)
  A frilled lizard (D:1)
  A kobold (D:1)
8 creatures vanquished.

Notes
Turn   | Place    | Note
-------+----------+-------------------------------------------
     0 | D:1      | Colgate the Demonspawn Cinder Acolyte began the quest for
                  | the Orb.
     0 | D:1      | Reached XP level 1. HP: 18/18 MP: 2/2
    33 | D:1      | Gained mutation: Your demonic aura sometimes causes spilled
                  | blood to erupt in flames. [demonic ancestry]
    33 | D:1      | Reached XP level 2. HP: 10/24 MP: 3/3
    33 | D:1      | Quit the game

Illustrated notes

Levels and vault maps discovered:
D:1:      reono_arrival_forest_river, layout_basic, feat_on_display

Skill      XL: |  1 |
---------------+----+-----
Polearms       | 3 |  3.2
Fighting       | |  3.0
Spellcasting   | |  1.0
Fire Magic     | |  2.6

Action                     || total
---------------------------++-------
  Melee: Spear             ||    16
 Invoke: Fiery Armour      ||     1
 Armour: Robe              ||    12
  Dodge: Dodged            ||    15
